 Dungeon Crawl Stone Soup version 0.28-a0-474-g535839065c (webtiles) character file.

Game seed: 9179428032537033087

15534 robertstho the Thaumaturge (level 12, -1/84 HPs)
             Began as a Djinni Fire Elementalist on Sept 15, 2021.
             Was an Initiate of Gozag.
             Slain by an elephant (3 damage)
             ... in a Gauntlet.
             The game lasted 00:23:09 (16266 turns).

robertstho the Thaumaturge (DjFE)                  Turns: 16266, Time: 00:23:10

Health: -1/84      AC:  5    Str:  3    XL:     12   Next: 58%
Gold:   721        EV: 16    Int: 30    God:    Gozag SH:  5 Dex: 26

rFire   + + +      SeeInvis .   C - +1 glaive (pain)
rCold   . . .      Faith    .   (shield currently unavailable)
rNeg    . . .      Spirit   .   t - +2 robe "Esarowug" {rPois rCorr Str-4 Int+8}
rPois   ∞          Reflect  +   (no helmet)
rElec   .          Harm     .   x - scarf {rC+ rF+}
rCorr   +          Rampage  .   F - +0 pair of gloves
Will    +....      NoTele   +   (boots unavailable)
Stlth   +++.......              g - amulet of reflection
HPRegen 0.24/turn               y - +6 ring of dexterity
MPRegen 0.00/turn               J - +6 ring of dexterity

@: gold aura, flying
A: sickness immunity, fire resistance 2, cold vulnerability 1, float, innate
caster, hp casting, extra vitality 1
a: Renounce Religion, Potion Petition, Call Merchant, Bribe Branch


You were in a Gauntlet.
You worshipped Gozag.
Gozag was pleased with you.
You visited 3 branches of the dungeon, and saw 13 of its levels.
You also visited: Gauntlet.

You collected 1999 gold pieces.
You spent 567 gold pieces at shops.
You paid 711 gold pieces to Gozag.

Inventory:

Hand Weapons
 b - a +0 vorpal trident
 C - a +1 glaive of pain (weapon)
Armour
 q - a +0 buckler
 t - the +2 robe "Esarowug" (worn) {rPois rCorr Str-4 Int+8}
   (You found it on level 4 of the Dungeon)

   Str:       It affects your strength (-4).
   Int:       It affects your intelligence (+8).
   rPois:     It protects you from poison.
   rCorr:     It protects you from acid and corrosion.
 x - a scarf of resistance (worn)
 B - +0 acid dragon scales
 E - +0 steam dragon scales
 F - a +0 pair of gloves (worn)
Jewellery
 c - an amulet of regeneration
 g - an amulet of reflection (around neck)
 n - a ring of protection from fire
 y - a +6 ring of dexterity (left hand)
 I - a +6 ring of strength
 J - a +6 ring of dexterity (right hand)
 S - a +6 ring of dexterity
Wands
 a - a wand of iceblast (22)
 r - a wand of flame (24)
 L - a wand of paralysis (7)
 N - a wand of mindburst (12)
 R - a wand of polymorph (23)
 T - a wand of acid (12)
Scrolls
 e - 3 scrolls of fog
 j - a scroll of enchant weapon
 l - 4 scrolls of summoning
 m - a scroll of magic mapping
 o - 3 scrolls of enchant armour
 p - 4 scrolls of teleportation
 v - 7 scrolls of fear
 G - a scroll of blinking
 H - a scroll of immolation
 M - a scroll of holy word {unknown}
 O - a scroll of brand weapon
 Q - 2 scrolls of vulnerability
Potions
 d - a potion of lignification
 f - 2 potions of heal wounds {unknown}
 h - 4 potions of resistance
 i - a potion of berserk rage {unknown}
 k - 2 potions of magic
 u - 3 potions of might {unknown}
 w - a potion of cancellation {unknown}
 z - 2 potions of attraction {unknown}
 A - a potion of mutation {unknown}
 K - 2 potions of haste
 P - a potion of brilliance {unknown}
Miscellaneous
 D - a condenser vane


   Skills:
 * Level 6.5 Fighting
 + Level 3.5 Polearms
 + Level 4.5 Dodging
 + Level 4.1 Stealth
 + Level 2.3 Shields
 * Level 12.9 Spellcasting
 + Level 0.2 Evocations


You had 8 spell levels left.
You knew the following spells:

 Your Spells              Type           Power      Damage    Failure   Level
a - Foxfire               Conj/Fire      100%       2x1d9     0%          1
b - Scorch                Fire           100%       2d10      1%          2
c - Conjure Flame         Conj/Fire      77%        6-21      1%          3
d - Inner Flame           Hex/Fire       77%        N/A       1%          3
e - Flame Wave            Conj/Fire      77%        3d13      1%          4
f - Shock                 Conj/Air       100%       1d9       0%          1
g - Static Discharge      Conj/Air       77%        N/A       1%          2
h - Summon Guardian Gole  Hex/Summ       77%        N/A       1%          3
i - Cause Fear            Hex            38%        N/A       1%          4
j - Agony                 Necr           77%        N/A       1%          5
Your spell library was empty.

Dungeon Overview and Level Annotations

Branches:
Dungeon (11/15)            Temple (1/1) D:6            Lair (1/6) D:11
    Orc (0/2) D:10        Gauntlet (1/1)

Altars:
Ashenzari
Cheibriados
Dithmenos
Elyvilon
Fedhas
Gozag
Hepliaklqana
Makhleb
Nemelex Xobeh
Okawaru
Qazlal
Ru
Sif Muna
Uskayaw
Vehumet
Wu Jian
Xom
Yredelemnul
Zin
The Shining One
Beogh

Shops:
D:9 ?

Annotations:
Gauntlet 16 transporters, exclusion: lightning spire


Innate Abilities, Weirdness & Mutations

You are immune to sickness and miasma.
You are immune to poison.
Your flesh is very heat resistant. (rF++)
You are vulnerable to cold. (rC-)
You float through the air rather than walking.
You learn spells naturally, not from books.
Your magical power is your life essence.
You have superior vitality. (+4 HP)


Message History

You kill the torpor snail!
The flame wave engulfs the elephant!
The elephant is almost dead.
The flame wave engulfs the elephant!
The elephant is almost dead.
The flame wave engulfs the elephant!
You kill the elephant!
The flame wave engulfs the elephant!!
You kill the elephant!
The flame wave engulfs the elephant!
The elephant is moderately wounded.
* * * LOW HITPOINT WARNING * * *
You feel yourself speed up.
You block the elephant's attack. x2; The elephant tramples you!
* * * LOW HITPOINT WARNING * * *
You hold your ground!
The elephant trunk-slaps you but does no damage.
The elephant closely misses you. The elephant misses you.
The elephant tramples you.
* * * LOW HITPOINT WARNING * * *
You hold your ground!
You block the elephant's attack.
Your Stealth skill increases to level 4!
You feel better. The elephant tramples you.
* * * LOW HITPOINT WARNING * * *
You are shoved backwards!
The elephant tramples you!
* * * LOW HITPOINT WARNING * * *
You are shoved backwards!
Casting: Flame Wave (safe; 1% risk of failure)
Confirm with . or Enter, or press ? or * to list all spells.
Casting: Cause Fear (safe; 1% risk of failure)
Press: ? - help, Dir - look around, f - activate The elephant looks frightened! x2
The elephant resists with almost no effort.
* * * LOW HITPOINT WARNING * * *
The elephant is distracted by your dazzling golden aura.
Unknown command.
It was a potion of magic.
Magic washes over you without effect. The elephant tramples you.
You die...
Your body crumbles into a pile of gold.

...#.###..#.####.#.. ##. #|#.#..#
...#.#..#.##..##.#.....##.[#.#...
######## ########################
..........©#≈≈≈≈8≈≈≈≈#©..........
#### ################### ####
§§8§ #©.........©......... ≈8§§
#### #################### #####
.... ..#.#...:©.$..#.#. #.##. .##
##.#.#....@....#.## ##..#.
..##.##..#.#..#Y..#..#.###.©..##.
!..#.#...#.#...YY....#.#..###.##)
©..#©....#.#..$$©....#.###.##...©
...#.#...#.#.........#.###...^##.
=Y##.##..#.#..#...#..#.#..###.##[
.##...##.#.#.........#.###.##^44.
YYY...YY.#.#.........#.###4444##5
##########.###########.##########


You could see 3 elephants.

Vanquished Creatures
  A hydra (D:11)
  3 two-headed ogres
  Pikel (D:4)
  Maurice (D:11)
  3 elephants (Gauntlet)
  A torpor snail (Gauntlet)
  Maggie (D:6)
  A hornet (D:8)
  Prince Ribbit (D:9)
  Grinder (D:3)
  Sigmund (D:2)
  A vampire (D:11)
  A wraith (D:10)
  A wyvern (D:5)
  5 steam dragons
  Menkaure (D:6)
  An acid dragon (D:8)
  A water moccasin (D:6)
  8 orc warriors
  3 sky beasts
  2 black bears (D:6)
  An ice beast (D:5)
  A wolf (D:8)
  An ogre (D:5)
  6 centaurs
  Blork the orc (D:6)
  A kobold brigand (D:7)
  3 gnoll sergeants
  3 scorpions
  2 bullfrogs
  5 killer bees (D:9)
  5 wights (D:8)
  An electric eel (D:10)
  4 howler monkeys
  7 centaur zombies
  A bullfrog zombie (D:5)
  4 hounds
  Crazy Yiuf (D:2)
  2 gnoll shamans
  7 orc priests
  4 iguanas
  7 orc wizards
  A hound skeleton (D:3)
  A hound zombie (D:5)
  A howler monkey zombie (D:7)
  3 adders
  22 gnolls
  A shadow imp (D:8)
  A white imp (D:6)
  2 ufetubi
  2 dart slugs
  3 worms
  40 orcs
  6 endoplasms
  6 giant cockroaches
  8 hobgoblins
  5 jackals
  14 kobolds
  A quokka (D:5)
  4 ball pythons (D:1)
  5 bats
  3 frilled lizards
  6 goblins
  A quokka skeleton (D:4)
  8 rats
250 creatures vanquished.

Vanquished Creatures (collateral kills)
  2 yaks (D:9)
  8 foxfires (D:10)
10 creatures vanquished.

Vanquished Creatures (others)
  3 two-headed ogres
  A manticore (D:11)
  A cyclops (D:10)
  A yak (D:9)
  An acid dragon (D:9)
  An orc warrior (D:9)
  A sky beast (D:8)
  An orc priest (D:9)
  An orc wizard (D:9)
  An orc (D:9)
  1069 foxfires
  6 fungi
  31 plants
  14 withered plants (Gauntlet)
1132 creatures vanquished.

Grand Total: 1392 creatures vanquished

Notes
Turn   | Place    | Note
-------+----------+-------------------------------------------
     0 | D:1      | robertstho the Djinni Fire Elementalist began the quest for
                  | the Orb.
     0 | D:1      | Reached XP level 1. HP: 15/15 MP: 0/0
   166 | D:1      | Reached XP level 2. HP: 11/21 MP: 0/0
   527 | D:1      | Reached skill level 3 in Spellcasting
   725 | D:1      | Reached XP level 3. HP: 22/25 MP: 0/0
   725 | D:1      | Learned a level 1 spell: Shock
  2457 | D:2      | Reached XP level 4. HP: 15/31 MP: 0/0
  2624 | D:2      | Noticed Sigmund
  2631 | D:2      | Killed Sigmund
  2632 | D:2      | Reached skill level 1 in Fighting
  2632 | D:2      | Reached skill level 4 in Spellcasting
  2632 | D:2      | Reached XP level 5. HP: 30/37 MP: 0/0
  2632 | D:2      | Learned a level 2 spell: Static Discharge
  2632 | D:2      | Reached XP level 6. HP: 34/42 MP: 0/0
  3290 | D:2      | Found a runed translucent door.
  3291 | D:2      | Noticed Crazy Yiuf
  3659 | D:2      | Killed Crazy Yiuf
  3746 | D:3      | Noticed Grinder
  3759 | D:3      | Killed Grinder
  3760 | D:3      | Reached skill level 5 in Spellcasting
  3760 | D:3      | Reached XP level 7. HP: 10/48 MP: 0/0
  3760 | D:3      | Learned a level 3 spell: Summon Guardian Golem
  4884 | D:4      | Found a broken altar of Ashenzari.
  4941 | D:4      | Identified the +2 robe "Esarowug" {rPois rCorr Str-4 Int+8}
  5018 | D:4      | Noticed Pikel
  5026 | D:4      | Killed Pikel
  5027 | D:4      | Reached skill level 6 in Spellcasting
  5027 | D:4      | Reached XP level 8. HP: 44/55 MP: 0/0
  5572 | D:5      | Entered Level 5 of the Dungeon
  5705 | D:5      | Noticed a wyvern
  5711 | D:5      | Killed a wyvern
  5712 | D:5      | Reached skill level 7 in Spellcasting
  5942 | D:5      | Found a shadowy altar of Dithmenos.
  5986 | D:5      | Reached XP level 9. HP: 48/61 MP: 0/0
  5986 | D:5      | Learned a level 4 spell: Cause Fear
  6563 | D:5      | Found a basalt altar of Yredelemnul.
  6690 | D:6      | Noticed Blork the orc
  6697 | D:6      | Reached skill level 1 in Polearms
  6698 | D:6      | Killed Blork the orc
  6801 | D:6      | Reached skill level 8 in Spellcasting
  6839 | D:6      | Noticed Menkaure
  6845 | D:6      | Killed Menkaure
  6846 | D:6      | Reached skill level 1 in Shields
  7168 | D:6      | Noticed Maggie
  7182 | D:6      | Killed Maggie
  7411 | D:6      | Noticed a two-headed ogre
  7419 | D:6      | Killed a two-headed ogre
  7420 | D:6      | Reached skill level 9 in Spellcasting
  7420 | D:6      | Reached XP level 10. HP: 56/69 MP: 0/0
  7929 | D:6      | Found a staircase to the Ecumenical Temple.
  7940 | Temple   | Entered the Ecumenical Temple
  8016 | Temple   | Became a worshipper of Gozag Ym Sagoz the Greedy
  8324 | D:7      | Found a hazy altar of Hepliaklqana.
  9141 | D:7      | Found a glowing silver altar of Zin.
  9583 | D:8      | Reached skill level 10 in Spellcasting
 10209 | D:8      | Reached skill level 5 in Fighting
 10555 | D:8      | Reached XP level 11. HP: 70/75 MP: 0/0
 10555 | D:8      | Learned a level 5 spell: Agony
 11336 | D:9      | Noticed a two-headed ogre
 11352 | D:9      | Killed a two-headed ogre
 11538 | D:9      | Reached skill level 11 in Spellcasting
 11853 | D:9      | Found a runed translucent door.
 11910 | D:9      | Found a snail-covered altar of Cheibriados.
 12225 | D:9      | Noticed a two-headed ogre
 12241 | D:9      | Killed a two-headed ogre
 12262 | D:9      | Noticed a two-headed ogre
 12276 | D:9      | Killed a two-headed ogre
 12777 | D:9      | Noticed Prince Ribbit
 12787 | D:9      | Killed Prince Ribbit
 13110 | D:9      | Identified the +1 robe of the Unseen Realm {Fly Will+ MP+9
                  | Int-3}
 13128 | D:9      | Bought a scroll of enchant weapon for 105 gold pieces
 13128 | D:9      | Bought a scroll of noise for 14 gold pieces
 13128 | D:9      | Bought a scroll of teleportation for 42 gold pieces
 13128 | D:9      | Bought a scroll of teleportation for 42 gold pieces
 13128 | D:9      | Bought a scroll of fear for 49 gold pieces
 13128 | D:9      | Bought a scroll of summoning for 133 gold pieces
 13128 | D:9      | Bought a scroll of summoning for 133 gold pieces
 13128 | D:9      | Bought a scroll of fear for 49 gold pieces
 13167 | D:10     | Entered Level 10 of the Dungeon
 13185 | D:10     | Noticed a cyclops
 13204 | D:10     | Killed a cyclops
 13381 | D:10     | Found a white marble altar of Elyvilon.
 13422 | D:10     | Found an ornate altar of the Wu Jian Council.
 13435 | D:10     | Noticed a two-headed ogre
 13436 | D:10     | Noticed a two-headed ogre
 13463 | D:10     | Killed a two-headed ogre
 13472 | D:10     | Killed a two-headed ogre
 13473 | D:10     | Reached skill level 12 in Spellcasting
 13473 | D:10     | Reached XP level 12. HP: 63/83 MP: 0/0
 13754 | D:10     | Found an iron altar of Okawaru.
 14157 | D:10     | Found a sparkling altar of Nemelex Xobeh.
 14673 | D:10     | Found a staircase to the Orcish Mines.
 15044 | D:11     | Noticed Maurice
 15059 | D:11     | Killed Maurice
 15408 | D:11     | Noticed a five-headed hydra
 15421 | D:11     | Killed a five-headed hydra
 15464 | D:11     | Found a staircase to the Lair.
 15840 | Lair:1   | Entered Level 1 of the Lair of Beasts
 15851 | Lair:1   | Found a gate leading to a gauntlet.
 15861 | Gauntlet | Entered a Gauntlet
 15861 | Gauntlet | Found a transporter.
 15870 | Gauntlet | Found a transporter.
 15885 | Gauntlet | Found a transporter.
 15890 | Gauntlet | Found a transporter.
 15899 | Gauntlet | Noticed a death drake
 15905 | Gauntlet | Found a transporter.
 15925 | Gauntlet | Found a transporter.
 15940 | Gauntlet | Found a transporter.
 15949 | Gauntlet | Found a transporter.
 15961 | Gauntlet | Found a transporter.
 15961 | Gauntlet | Noticed a balrug
 15967 | Gauntlet | Found a transporter.
 15967 | Gauntlet | Found a transporter.
 15982 | Gauntlet | Found a transporter.
 15983 | Gauntlet | Noticed a death yak
 15984 | Gauntlet | Noticed a death yak
 15986 | Gauntlet | Noticed a death yak
 15999 | Gauntlet | Found a transporter.
 16019 | Gauntlet | Found a transporter.
 16044 | Gauntlet | Found a transporter.
 16046 | Gauntlet | Found a transporter.
 16258 | Gauntlet | Found a transporter.
 16266 | Gauntlet | Slain by an elephant

Illustrated notes

Levels and vault maps discovered:
D:1:      co_arrival_random_square_maze, layout_basic
D:2:      layout_basic, nrook_loot_triangle, kennysheep_generic_room_9,
          uniq_sigmund, uniq_crazy_yiuf_cottage
D:3:      layout_loops_ring, item_on_display_a, uniq_grinder
D:4:      cheibrodos_quashed, layout_rooms, ashenzari_altar_1, uniq_pikel
D:5:      layout_rooms, nicolae_dithmenos_shadow_blocks,
          lemuel_zombie_altar_yredelemnul, nrook_mini_vaults
D:6:      layout_basic, temple_hall, uniq_blork_the_orc, uniq_menkaure,
          uniq_maggie
D:7:      layout_loops_corners, mainiacjoe_overflow_chevrons, zin_treasury
D:8:      layout_cave_pools, serial_gnoll_camp, gnoll_camp_mini_basic,
          gnoll_camp_mini_hut, gnoll_camp_mini_loothouse,
          gnoll_camp_mini_sergeant, hangedman_misty_isle
D:9:      layout_gridville, cheibrodos_worm_habitat, lightli_church_of_beogh,
          uniq_prince_ribbit1
D:10:     layout_basic, nemelex_spade_bored_becter, mainiacjoe_overflow_catwalk,
          mainiacjoe_overflow_surrounded_room, mainiacjoe_overflow_24_doors,
          nicolae_elyvilon_temple_path, david_orc_4
D:11:     layout_loops_cross, grunt_lair_entry_orc_guard_hut, uniq_maurice
Temple:   jpeg_temple_clearing
Lair:1:   gammafunk_indiana_jones, layout_chaotic_city, gauntlet_entry_generic,
          nzn_masters_of_martial_movement, uniq_nergalle
Gauntlet: gammafunk_gauntlet_one_two_three [gammafunk_gauntlet_arena_hedges,
          gammafunk_gauntlet_arena_crates, gammafunk_gauntlet_arena_split_x,
          gammafunk_gauntlet_arena_split_diamond,
          nicolae_gauntlet_arena_quarters, gammafunk_gauntlet_arena_spirals,
          gammafunk_gauntlet_arena_mazey, gammafunk_gauntlet_arena_teeth,
          gammafunk_gauntlet_arena_arrow_garden,
          nicolae_gauntlet_exit_dead_adventurers]

Skill      XL: |  1  2  3  4  5  6  7  8  9 10 11 12 |
---------------+-------------------------------------+-----
Spellcasting   | 3 4 5 6 7 9 10 12 | 12.9
Fighting       | 1 2 3 4 5 6 |  6.5
Dodging        | 3 4 |  4.5
Stealth        | 2 3 4 |  4.1
Polearms       | 2 3 |  3.5
Shields        | 1 2 |  2.3
Evocations     | |  0.2

Action                   |  1- 3 |  4- 6 |  7- 9 | 10-12 || total
-------------------------+-------+-------+-------+-------++-------
Melee: Trident           |     1 |       |    25 |       ||    26
       Glaive            |       |       |       |    24 ||    24
 Cast: Foxfire           |    89 |    45 |   169 |   333 ||   636
       Scorch            |     1 |     8 |    32 |    82 ||   123
       Flame Wave        |       |       |     2 |    24 ||    26
       Summon Guardian G |       |       |       |    18 ||    18
       Static Discharge  |       |       |       |     1 ||     1
       Cause Fear        |       |       |       |     1 ||     1
Invok: Call Merchant     |       |       |       |     1 ||     1
Evoke: Wand              |       |       |       |     2 ||     2
  Use: Scroll            |       |       |     4 |     8 ||    12
       Potion            |       |       |       |     6 ||     6
 Stab: Sleeping          |       |       |     1 |     1 ||     2
Armor: Robe              |     3 |       |    10 |    42 ||    55
Dodge: Dodged            |    10 |     2 |    22 |    95 ||   129
Block: Buckler           |       |       |    15 |       ||    15
       Reflection        |       |       |     2 |     6 ||     8
       Other             |       |       |       |    39 ||    39

Table legend: (Time is in decaauts)
 A = Elapsed time spent in this place.
 B = Non-inter-level travel time spent in this place.
 C = Inter-level travel time spent in this place.
 D = Time resting spent in this place.
 E = Time spent auto-exploring this place.
 F = Levels seen in this place.
 G = Mean time per level.
                   A        B        C        D        E       F      G
               +--------+--------+--------+--------+--------+-----+--------+
         Total |  16286 |  15929 |    357 |   1010 |  12864 |  14 | 1163.3 |
       Dungeon |  15772 |  15424 |    348 |   1010 |  12523 |  11 | 1433.8 |
        Temple |     85 |     76 |      9 |      0 |     58 |   1 |   85.0 |
          Lair |     20 |     20 |      0 |      0 |      2 |   1 |   20.0 |
      Gauntlet |    407 |    407 |      0 |      0 |    281 |   1 |  407.0 |
               +--------+--------+--------+--------+--------+-----+--------+

Top non-repeatable levels by time:
     D:1: 2227 daAuts
     D:9: 2107 daAuts
    D:10: 1677 daAuts
     D:8: 1653 daAuts
     D:2: 1517 daAuts
     D:6: 1402 daAuts
     D:7: 1333 daAuts
     D:3: 1137 daAuts
     D:5: 1029 daAuts
    D:11: 996 daAuts
     D:4: 688 daAuts
Gauntlet: 407 daAuts
  Temple: 85 daAuts
  Lair:1: 20 daAuts
